 Dungeon Crawl Stone Soup version 0.27.1-37-g7b29ead8ac (console) character file.

Game seed: 12743512472449668449

5590 grimtooth the Jinx (level 10, -1/76 HPs)
             Began as a Vampire Enchanter on Dec 24, 2023.
             Was a Priest of Kikubaaqudgha.
             Slain by a small abomination (18 damage)
             ... on level 3 of the Abyss.
             The game lasted 00:45:42 (10677 turns).

grimtooth the Jinx (Vampire Enchanter)             Turns: 10677, Time: 00:45:42

Health: -1/76      AC:  7    Str:  8    XL:     10   Next: 45%
Magic:  3/13       EV: 18    Int: 21    God:    Kikubaaqudgha [***...]
Gold:   458        SH:  0    Dex: 14    Spells: 4/13 levels left

rFire    . . .     SeeInvis +   a - +1 dagger
rCold    . . .     Faith    .   (no shield)
rNeg     . . .     Spirit   .   K - +0 steam dragon scales
rPois    .         Reflect  .   j - +1 helmet
rElec    .         Harm     .   (no cloak)
rCorr    .         Rampage  .   (no gloves)
Will     +....                  (no boots)
Stlth    ++++......             (no amulet)
HPRegen  0.42/turn              P - +4 ring of evasion
MPRegen  0.13/turn              r - ring of flight

@: confusing by touch, flying, healing quickly, studying Poison Magic
A: alive, fangs 3, see invisible, vampiric 2
a: Exsanguinate, Renounce Religion, Receive Corpses


You were on level 3 of the Abyss.
You worshipped Kikubaaqudgha.
Kikubaaqudgha was most pleased with you.
You visited 2 branches of the dungeon, and saw 10 of its levels.
You visited the Abyss 1 time.
You also visited: Ossuary.

You collected 458 gold pieces.

Inventory:

Hand Weapons
 a - a +1 dagger (weapon)
Missiles
 c - 12 boomerangs
 h - 41 stones (quivered)
 i - 54 sling bullets
 y - 8 atropa-tipped darts
 C - 8 boomerangs of dispersal
 H - 7 poisoned darts
Armour
 j - a +1 helmet (worn)
 K - +0 steam dragon scales (worn)
 M - +0 acid dragon scales
Magical Staves
 J - a staff of air
Jewellery
 o - a +6 ring of dexterity
 r - a ring of flight (right hand)
 F - a ring of wizardry
 O - a +6 ring of strength
 P - a +4 ring of evasion (left hand)
Wands
 b - a wand of polymorph (6)
 g - a wand of flame (12)
 n - a wand of digging (6)
 E - a wand of paralysis (8)
 Q - a wand of mindburst (12)
Scrolls
 e - 3 scrolls of blinking
 f - a scroll of vulnerability {unknown}
 k - 5 scrolls of enchant weapon
 l - a scroll of enchant armour
 m - 3 scrolls of fear
 p - 2 scrolls of magic mapping {unknown}
 q - a scroll of noise
 s - 2 scrolls of amnesia
 u - a scroll of fog
 v - 2 scrolls of teleportation {unknown}
 I - a scroll of holy word {unknown}
Potions
 d - a potion of haste
 t - 2 potions of berserk rage
 w - 4 potions of curing
 x - a potion of attraction
 z - a potion of lignification
 A - a potion of magic {unknown}
 B - 3 potions of invisibility
 D - a potion of heal wounds
 G - a potion of mutation
 L - a potion of ambrosia {unknown}
 N - a potion of might


   Skills:
 * Level 5.8 Fighting
 + Level 7.8 Short Blades
 - Level 6.0 Dodging
 - Level 9.0 Stealth
 - Level 2.0 Spellcasting
 - Level 12.0 Hexes
 - Level 6.0 Ice Magic


You had 4 spell levels left.
You knew the following spells:

 Your Spells              Type           Power      Damage    Failure   Level
a - Corona                Hex            56%        N/A       1%          1
b - Tukima's Dance        Hex            51%        N/A       1%          3
e - Ensorcelled Hibernat  Hex/Ice        78%        N/A       1%          2
z - Confusing Touch       Hex            51%        N/A       1%          3

Your spell library contained the following spells:

 Spells                   Type           Power      Damage    Failure   Level
 Dazzling Flash           Conj/Hex       54%        N/A       3%          3
 Animate Skeleton         Necr           4%         N/A       14%         1
 Pain                     Necr           8%         1d4       14%         1
 Passwall                 Tmut/Erth      1%         N/A       22%         2
 Sublimation of Blood     Necr           1%         N/A       22%         2
 Gell's Gravitas          Tloc           1%         N/A       41%         3
 Lesser Beckoning         Tloc           1%         N/A       41%         3
 Swiftness                Air            2%         N/A       41%         3
 Teleport Other           Tloc           2%         N/A       41%         3
 Vampiric Draining        Necr           1%         2d6       41%         3
 Dispel Undead            Necr           2%         3d7       82%         4
 Iskenderun's Mystic Bla  Conj/Tloc      2%         2d3       82%         4
 Invisibility             Hex            25%        N/A       16%         6
 Agony                    Necr           2%         N/A       99%         5
 Excruciating Wounds      Necr           1%         N/A       99%         5
 Death Channel            Necr           1%         N/A       100%        6
 Simulacrum               Ice/Necr       7%         N/A       100%        6
 Starburst                Conj/Fire      1%         6d3       100%        6


Dungeon Overview and Level Annotations

Branches:
Dungeon (9/15)             Temple (1/1) D:4            Lair (0/6) D:9
    Orc (0/2) D:9         Ossuary (visited)

Altars:
Cheibriados
Dithmenos
Elyvilon
Fedhas
Gozag
Kikubaaqudgha
Makhleb
Nemelex Xobeh
Okawaru
Qazlal
Ru
Sif Muna
Trog
Uskayaw
Vehumet
Wu Jian
Xom
Yredelemnul
Zin
The Shining One
Jiyva

Annotations:
D:9 3 runed translucent doors, kaffeinatedkobold's ghost, journeyman KoAr


Innate Abilities, Weirdness & Mutations

Your natural rate of healing is accelerated.
You have razor-sharp teeth.
You have supernaturally acute eyesight. (SInv)
You are afflicted with vampirism and can become a bat while bloodless.


Message History

You hit the large abomination but do no damage.
The large abomination appears confused.
The quasit bites the small abomination but does no damage.
The quasit claws the small abomination but does no damage.
The quasit barely misses the small abomination.
The small abomination closely misses you.
You hit the large abomination but do no damage.
The large abomination completely misses you.
The small abomination misses you.
You catch the helpless large abomination completely off-guard!
You impale the large abomination!!
You bite the large abomination, but do no damage.
The large abomination is moderately damaged.
Casting: Confusing Touch (safe; 1% risk of failure)
Confirm with . or Enter, or press ? or * to list all spells.
Your hands begin to glow red.
The small abomination hits you!
The quasit closely misses the small abomination.
The quasit claws the small abomination but does no damage.
The quasit claws the small abomination.
The small abomination barely misses you.
You hit the small abomination but do no damage.
The small abomination is moderately damaged.
The quasit barely misses the small abomination.
The quasit claws the small abomination but does no damage.
The quasit claws the small abomination.
The small abomination hits you!
You completely miss the small abomination.
The small abomination is moderately damaged.
You barely miss the small abomination.
The small abomination is moderately damaged.
The small abomination barely misses you.
You hit the small abomination but do no damage.
The small abomination is moderately damaged.
The small abomination hits you!
* * * LOW HITPOINT WARNING * * *
Unknown command.
You hit the small abomination but do no damage.
The small abomination is moderately damaged.
The small abomination hits you!!
You die...
Kikubaaqudgha rasps: "You have failed me!
Welcome... death!"

# #.
###.#.. .
. . . ..#
# . # #
...# .
#.#.#.. .#
# .## ##.
#.#.# # #
X.# # §###
#§§..
#X#....#
#@#§V##...
##xt#. .
§§ .#
≈#..# ≈≈
## ≈≈ .
≈≈≈ . ≈≈≈
#.


You could see a fire crab, a large abomination (confused) and a small
abomination.

Vanquished Creatures
  An unseen horror (D:7)
  2 trolls
  A hornet (D:8)
  3 yaks (D:9)
  A vampire (Abyss:3)
  2 steam dragons (D:8)
  An acid dragon (D:9)
  3 water moccasins
  A hornet zombie (D:8)
  3 orc warriors
  A necrophage (D:5)
  An ogre (D:5)
  A sky beast (D:7)
  A kobold brigand (D:8)
  2 bullfrogs (D:8)
  An elf zombie (Ossuary)
  3 scorpions
  A water moccasin zombie (D:6)
  13 wights
  4 centaur zombies (Ossuary)
  3 iron imps (D:5)
  3 hounds
  8 orc priests
  A bullfrog skeleton (D:5)
  2 centaur skeletons
  A gnoll shaman (D:6)
  A human zombie (Ossuary)
  3 iguanas
  5 orc wizards
  3 killer bee zombies
  2 hound skeletons (D:4)
  2 mummies (Ossuary)
  A howler monkey skeleton (D:6)
  2 howler monkey zombies (D:9)
  6 adders
  7 gnolls
  A white imp (D:6)
  An ufetubus (D:5)
  3 adder zombies
  A worm (D:2)
  3 dart slugs
  28 orcs
  12 ball pythons
  7 endoplasms
  2 giant cockroaches
  3 goblins
  6 hobgoblins
  6 jackals (D:1)
  2 quokkas (D:3)
  5 bats
  7 frilled lizards
  A goblin zombie (Ossuary)
  11 hobgoblin zombies (Ossuary)
  3 jackal zombies (Ossuary)
  7 kobolds
  8 kobold zombies (Ossuary)
  6 orc zombies (Ossuary)
  5 rats (D:1)
224 creatures vanquished.

Vanquished Creatures (collateral kills)
  A two-headed ogre (D:9)
  4 wights
  An orc (D:9)
6 creatures vanquished.

Vanquished Creatures (others)
  A dancing weapon (D:7)
1 creature vanquished.

Grand Total: 231 creatures vanquished

Notes
Turn   | Place    | Note
-------+----------+-------------------------------------------
     0 | D:1      | grimtooth the Vampire Enchanter began the quest for the
                  | Orb.
     0 | D:1      | Reached XP level 1. HP: 13/13 MP: 3/3
   185 | D:1      | Reached XP level 2. HP: 7/19 MP: 3/5
   637 | D:1      | Found a faded altar of an unknown god.
   876 | D:2      | Reached skill level 5 in Hexes
   919 | D:2      | Found a basalt altar of Yredelemnul.
  1026 | D:2      | Gained mutation: You are afflicted with vampirism and can
                  | become a bat while bloodless. [Vampire growth]
  1026 | D:2      | Reached XP level 3. HP: 24/24 MP: 4/6
  1580 | D:3      | Learned a level 3 spell: Confusing Touch
  1583 | D:3      | Learned a level 2 spell: Ensorcelled Hibernation
  1867 | D:3      | Reached XP level 4. HP: 30/30 MP: 7/7
  2461 | D:4      | Reached XP level 5. HP: 9/35 MP: 1/8
  2464 | D:4      | Reached skill level 6 in Hexes
  2741 | D:4      | Found a staircase to the Ecumenical Temple.
  2752 | Temple   | Entered the Ecumenical Temple
  2840 | D:4      | - not liking these options
  3216 | D:4      | Reached skill level 5 in Short Blades
  3452 | D:4      | Found a hide-covered altar of Uskayaw.
  3485 | D:4      | Reached XP level 6. HP: 36/41 MP: 4/9
  3953 | D:5      | Entered Level 5 of the Dungeon
  4046 | D:5      | Noticed a water moccasin
  4052 | D:5      | Killed a water moccasin
  4053 | D:5      | Reached skill level 7 in Hexes
  4184 | D:5      | Reached skill level 8 in Hexes
  4191 | D:5      | Reached skill level 1 in Ice Magic
  4191 | D:5      | Reached XP level 7. HP: 46/46 MP: 6/10
  4265 | D:5      | Found a radiant altar of Vehumet.
  4296 | D:5      | Found an ornate altar of the Wu Jian Council.
  4296 | D:5      | Found an ancient bone altar of Kikubaaqudgha.
  4326 | D:5      | Reached skill level 5 in Stealth
  4333 | D:5      | Became a worshipper of Kikubaaqudgha
  4890 | D:5      | Reached skill level 9 in Hexes
  5015 | D:5      | Found a burning altar of Makhleb.
  5035 | D:5      | Reached XP level 8. HP: 52/52 MP: 5/11
  5281 | D:6      | Found a sand-covered staircase.
  5287 | Ossuary  | Entered an ossuary
  5346 | Ossuary  | Reached * piety under Kikubaaqudgha
  5346 | Ossuary  | Received a gift from Kikubaaqudgha
  5750 | Ossuary  | Reached ** piety under Kikubaaqudgha
  5789 | Ossuary  | Reached skill level 10 in Hexes
  6795 | D:6      | Learned a level 3 spell: Tukima's Dance
  6838 | D:7      | Found a sparkling altar of Nemelex Xobeh.
  7014 | D:7      | Noticed a troll
  7020 | D:7      | Killed a troll
  7021 | D:7      | Reached skill level 11 in Hexes
  7150 | D:7      | Reached XP level 9. HP: 36/53 MP: 5/12
  7305 | D:7      | Noticed an unseen horror
  7315 | D:7      | Killed an unseen horror
  7316 | D:7      | Reached skill level 5 in Ice Magic
  7485 | D:7      | Reached skill level 12 in Hexes
  7725 | D:7      | Found a shimmering blue altar of Sif Muna.
  7876 | D:7      | Reached skill level 1 in Fighting
  8366 | D:8      | Reached *** piety under Kikubaaqudgha
  8366 | D:8      | Received a gift from Kikubaaqudgha
  8921 | D:8      | Found a sacrificial altar of Ru.
  9240 | D:8      | Reached skill level 5 in Dodging
  9428 | D:9      | Noticed a troll
  9476 | D:9      | Noticed a two-headed ogre
  9485 | D:9      | Killed a two-headed ogre
  9486 | D:9      | Reached XP level 10. HP: 53/71 MP: 1/13
  9623 | D:9      | Found an opulent altar of Gozag.
  9683 | D:9      | Found a staircase to the Lair.
  9684 | D:9      | Found a staircase to the Orcish Mines.
  9732 | D:9      | Found a runed translucent gate.
  9733 | D:9      | Found a runed translucent gate.
  9733 | D:9      | Found a runed translucent gate.
  9736 | D:9      | Noticed kaffeinatedkobold's ghost (journeyman KoAr)
  9737 | D:9      | Found a viscous altar of Jiyva.
 10010 | D:9      | Reached skill level 5 in Fighting
 10497 | D:9      | Noticed a wizard
 10498 | D:9      | Noticed a wizard
 10508 | D:9      | Cast into level 3 of the Abyss (a wizard)
 10509 | Abyss:3  | - goddam wizards
 10509 | Abyss:3  | what are you doing on d9 anyway
 10564 | Abyss:3  | Found a corrupted altar of Lugonu.
 10593 | Abyss:3  | Noticed a large abomination
 10600 | Abyss:3  | Found a corrupted altar of Lugonu.
 10652 | Abyss:3  | Noticed a fire crab
 10677 | Abyss:3  | Slain by a small abomination

Illustrated notes

######### #
#...#...### #.
#.⌠.#.⌠...# #..
#..?#..)#.#
##.###.###.##.#
#...#...#...#.#
#.⌠...⌠...⌠.#.#
...#...#...#.#
######.######.#
#...#...#...#.##
#.⌠...⌠...@.#..#
#...#...#...#..##
#############...#####
#........#######
#...####.......#
##.## #######.. #.#
### #.# #. #.


Turn 2840 on D:4: - not liking these options .. . #. . .. ..#.. ≈. ..... ..
≈..... . #. #≈..... ....#.##≈≈..... ...≈≈≈≈@≈...... #..............
...##......#... . #######.. . ... .. . Turn 10509 on Abyss:3: - goddam wizards
.. . #. . .. ..#.. ≈. ..... .. ≈..... . #. #≈..... ....#.##≈≈.....
...≈≈≈≈@≈...... #.............. ...##......#... . #######.. . ... .. . Turn
10509 on Abyss:3: what are you doing on d9 anyway

Levels and vault maps discovered:
D:1:      moated_graveyard_arrival, layout_basic,
          chequers_ecumenical_altar_lobes, serial_park_tiny_pond
D:2:      layout_rooms, basic_altar, kennysheep_nub
D:3:      layout_loops_cross
D:4:      layout_rooms, mainiacjoe_overflow_catwalk,
          minmay_temple_entry_nine_rooms
D:5:      layout_rooms, demons_altar, gammafunk_temple_overflow_forgotten,
          kennysheep_boxes
D:6:      layout_loops_ring, nicolae_ossuary_entry_plus
D:7:      layout_loops_ring, mainiacjoe_overflow_paths, lemuel_doored_altar,
          lemuel_crystal_altar
D:8:      minmay_spotlight, layout_basic, nicolae_ru_sacrificial_ziggurat
D:9:      cheibrodos_wizards_tower, layout_cave_pools,
          nicolae_overflow_crystal_walls, gammafunk_ghost_ooze,
          hangedman_decor_riveting
Temple:   cyrus_temple_forest
Abyss:3:  base: D:6, dshaligram_kb_abyss_rune_zappy_water_cross, base:
D:6

Skill      XL: |  1  2  3  4  5  6  7  8  9 10 |
---------------+-------------------------------+-----
Short Blades   | 2 3 4 5 6 7 |  7.8
Hexes          | 5 6 8 9 11 12 | 12.0
Ice Magic      | 1 3 4 6 |  6.0
Stealth        | 6 9 |  9.0
Fighting       | 4 5 |  5.8
Dodging        | 5 6 |  6.0
Spellcasting   | |  2.0

Action                   |  1- 3 |  4- 6 |  7- 9 | 10-12 || total
-------------------------+-------+-------+-------+-------++-------
Melee: Dagger            |   126 |   173 |   444 |    84 ||   827
       Bite              |    10 |    13 |    65 |    14 ||   102
Throw: Stone             |    16 |    21 |    10 |       ||    47
 Cast: Corona            |    26 |    21 |    45 |     6 ||    98
       Ensorcelled Hiber |     4 |    22 |    50 |    14 ||    90
       Confusing Touch   |       |     3 |    28 |     8 ||    39
       Tukima's Dance    |       |       |     9 |       ||     9
Evoke: Wand              |       |       |       |     1 ||     1
  Use: Scroll            |     6 |     3 |     4 |     4 ||    17
       Potion            |       |     3 |     2 |       ||     5
 Stab: Sleeping          |    14 |    20 |    54 |    11 ||    99
       Confused          |       |     3 |    26 |     5 ||    34
Armor: Robe              |    20 |    31 |    76 |       ||   127
       Steam dragon scal |       |       |       |     5 ||     5
Dodge: Dodged            |    72 |    90 |   214 |    46 ||   422
